 Dungeon Crawl Stone Soup version 0.30-a0-578-gdee14c521f (webtiles) character file.

Game seed: 18262055826289202794

53001 PyroL the Transmogrifier (level 14, -9/121 HPs)
             Began as an Octopode Transmuter on Dec 31, 2022.
             Was an Initiate of Gozag.
             Killed from afar by a molten gargoyle (30 damage)
             ... with a bolt of magma
             ... on level 5 of the Lair of Beasts on Jan 1, 2023.
             The game lasted 00:57:46 (23200 turns).

PyroL the Transmogrifier (Octopode Transmuter)     Turns: 23200, Time: 00:57:46

Health: -9/121     AC: 11    Str: 10    XL:     14   Next: 66%
Magic:  28/32      EV: 18    Int: 26    God:    Gozag
Gold:   2792       SH:  0    Dex: 12    Spells: 8/25 levels left

rFire   . . .      SeeInvis .      - Unarmed
rCold   + + .      Faith    .    (shield currently unavailable)
rNeg    + . .      Spirit   .    (helmet currently unavailable)
rPois   +          Reflect  .    (no amulet)
rElec   .          Harm     .    b - +4 ring of slaying
rCorr   +          Rampage  .    o - +6 ring of intelligence
Will    +....                    t - ring of resist corrosion
Stlth   +                        G - ring of positive energy
HPRegen 0.40/turn                I - +5 ring of evasion
MPRegen 0.23/turn                P - ring of magical power
                                 F - ring of fire
                                 (no ring)

@: ice-form, freezing walls, unable to drink
A: freezing attack, boosted hp, almost no armour, amphibious, 8 rings, large,
(camouflage 1), (gelatinous body 1), (nimble swimmer 1), (tentacles),
(iridescent scales 1), (electricity resistance), inability to drink after injury
1
a: End Transformation, Renounce Religion, Potion Petition, Call Merchant, Bribe
Branch


You were on level 5 of the Lair of Beasts.
You worshipped Gozag.
Gozag was most pleased with you.
You were a creature of crystalline ice.
You visited 3 branches of the dungeon, and saw 17 of its levels.
You also visited: Gauntlet.

You collected 4557 gold pieces.
You paid 1765 gold pieces to Gozag.

Inventory:

Missiles
 j - 7 silver boomerangs
 k - 8 silver javelins
 n - 6 datura-tipped darts
 y - 3 atropa-tipped darts
 A - 21 poisoned darts
Jewellery
 b - a +4 ring of slaying (left front paw)
 o - a +6 ring of intelligence (right front paw)
 t - a ring of resist corrosion (on tentacle)
 E - a ring of ice
 F - a ring of fire (on tentacle)
 G - a ring of positive energy (on tentacle)
 I - a +5 ring of evasion (on tentacle)
 P - a ring of magical power (on tentacle)
Wands
 u - a wand of mindburst (17)
 v - a wand of quicksilver (7)
 H - a wand of digging (11)
 J - a wand of paralysis (27)
 O - a wand of polymorph (8)
Scrolls
 c - 2 scrolls of magic mapping
 d - 2 scrolls of blinking
 e - a scroll of silence
 f - 6 scrolls of vulnerability
 h - 8 scrolls of fog
 m - 9 scrolls of teleportation
 r - 2 scrolls of amnesia
 B - 3 scrolls of enchant armour
 C - a scroll of poison
 D - 2 scrolls of immolation
 K - a scroll of fear
 M - 5 scrolls of identify
Potions
 a - 5 potions of lignification
 g - 12 potions of curing
 i - 3 potions of magic
 l - a potion of cancellation
 p - 2 potions of brilliance
 q - a potion of resistance
 s - 2 potions of haste
 w - 3 potions of flight
 x - a potion of mutation
 z - a potion of attraction
 L - 2 potions of might
 N - 3 potions of ambrosia


   Skills:
 - Level 11.5 Fighting
 - Level 10.1 Dodging
 + Level 11.7 Unarmed Combat
 - Level 6.1 Spellcasting
 - Level 14.0 Transmutations
 - Level 5.0 Ice Magic
 - Level 5.4 Poison Magic
 - Level 5.0 Evocations


You had 8 spell levels left.
You knew the following spells:

 Your Spells              Type           Power      Damage    Failure   Level
a - Beastly Appendage     Tmut           100%       N/A       1%          1
b - Wereblood             Tmut           69%        N/A       1%          2
c - Frozen Ramparts       Ice            66%        1d10      2%          3
d - Spider Form           Tmut/Pois      56%        N/A       1%          3
e - Ice Form              Ice/Tmut       55%        N/A       1%          4
f - Olgreb's Toxic Radia  Pois           36%        N/A       7%          4

Your spell library contained the following spells:

 Spells                   Type           Power      Damage    Failure   Level
 Freeze                   Ice            100%       1d10      1%          1
 Sting                    Tmut/Pois      100%       1d8       1%          1
 Ignite Poison            Fire/Tmut/Pois 58%        N/A       1%          3
 Poisonous Vapours        Pois/Air       44%        N/A       3%          2
 Cigotuvi's Dreadful Rot  Necr/Pois/Air  34%        N/A       4%          2
 Magic Dart               Conj           28%        1d4       7%          1
 Hailstorm                Conj/Ice       20%        3d6       8%          3
 Mephitic Cloud           Conj/Pois/Air  17%        N/A       10%         3
 Call Imp                 Summ           7%         N/A       11%         2
 Sublimation of Blood     Necr           7%         N/A       11%         2
 Gell's Gravitas          Tloc           7%         N/A       21%         3
 Lesser Beckoning         Tloc           14%        N/A       21%         3
 Teleport Other           Tloc           7%         N/A       21%         3
 Passage of Golubria      Tloc           7%         N/A       56%         4
 Sticky Flame             Conj/Fire      11%        2d3       56%         4
 Silence                  Hex/Air        3%         N/A       88%         5
 Summon Hydra             Summ           3%         N/A       100%        7
 Ignition                 Fire           5%         3d4       100%        8
 Lehudib's Crystal Spear  Conj/Erth      3%         10d3      100%        8


Dungeon Overview and Level Annotations

Branches:
Dungeon (11/15)            Temple (1/1) D:7            Lair (5/5) D:10
  Swamp (0/4) Lair:2        Snake (0/4) Lair:2        Slime (0/5) Lair:5
    Orc (0/2) D:11        Gauntlet (visited)

Altars:
Ashenzari
Cheibriados
Gozag
Hepliaklqana
Makhleb
Qazlal
Ru
Sif Muna
Wu Jian
Xom

Shops:
D:9 =(   D:10 =   D:11 =   Lair:5 :

Annotations:
Lair:5 1 runed translucent door


Innate Abilities, Weirdness & Mutations

You are a creature of crystalline ice.
You have a powerful freezing melee attack.
Your maximum health is increased.
Your armour is entirely melded.
You are incapable of wielding weapons or throwing items.
You cannot wear most types of armour.
You are amphibious.
You can wear up to eight rings at the same time.
((Your skin changes colour to match your surroundings (Stealth+).))
((Your rubbery body absorbs attacks. (AC +1, EV +1)))
((You are camouflaged when in or above water. (Stealth+)))
((You have tentacles for arms and can constrict up to eight enemies at once.))
((You are partially covered in iridescent scales. (AC +2)))
((You are resistant to electric shocks. (rElec)))
You occasionally lose the ability to drink potions when taking damage.


Message History

The wall freezes the molten gargoyle.
The molten gargoyle barely misses you.
You hit the molten gargoyle. You freeze the molten gargoyle.
The molten gargoyle is almost destroyed.
You hit the molten gargoyle. You freeze the molten gargoyle.
You destroy the molten gargoyle!
The frozen ramparts melt away as you move.
You now have 2788 gold pieces (gained 4).
You see here a +3 mace of holy wrath.
You now have 2792 gold pieces (gained 4).
A molten gargoyle is nearby!
You see here a +3 mace of holy wrath.
Casting: Frozen Ramparts (mildly dangerous; 2% risk of failure)
Confirm with . or Enter, or press ? or * to list all spells.
Casting: Frozen Ramparts (mildly dangerous; 2% risk of failure)
Press: ? - help, Dir - look around, f - activate The walls around you are covered in ice.
You start resting.
A molten gargoyle is nearby!
The wall freezes the molten gargoyle but does no damage.
You hit the molten gargoyle. You freeze the molten gargoyle.
The molten gargoyle is lightly damaged.
The wall freezes the molten gargoyle but does no damage.
The molten gargoyle hits you with a +0 mace!
You are engulfed in flames!
* * * LOW HITPOINT WARNING * * *
You hit the molten gargoyle but do no damage.
The molten gargoyle is lightly damaged.
The wall freezes the molten gargoyle but does no damage.
The molten gargoyle blasts magma at you!
The bolt of magma hits you!!
* * * LOW HITPOINT WARNING * * *
Okay, then.
You pummel the molten gargoyle!! You freeze the molten gargoyle.
The molten gargoyle is almost destroyed.
The wall freezes the molten gargoyle but does no damage.
The molten gargoyle blasts magma at you!
The bolt of magma hits you!!
You feel threatened and lose the ability to drink potions!
You die...
Your body crumbles into a pile of gold.

...#≈≈#......# #...........#
...#≈#......#8###...........#
...#≈.......####............#
.$:#.≈......# #...........## $
##.≈#.....## ##..........)##
###.≈≈#......#####.........#.#
≈≈≈≈≈#.........#.#..........##
≈≈≈............9#^.........##
≈≈.$.........###Y...........#
$.........#### ##..........###
.....≈≈≈≈## ###.............#
...§§≈§###
###...............## §§≈≈§###
##..................# ≈≈≈≈≈≈#
#...................# #8###≈§#
##.....###.#.###.#...## ###
≈≈###......##.###...##....# ##
####.......##....[#..#..#P#


You could see a molten gargoyle.

Vanquished Creatures
  A minotaur (Gauntlet)
  Josephine (Lair:5)
  3 hydras
  A boulder beetle (Lair:2)
  2 catoblepae
  2 two-headed ogres
  A death yak (Lair:4)
  2 bog bodies (Lair:2)
  A lindwurm (Lair:5)
  Pikel (D:5)
  A manticore (Lair:2)
  A guardian serpent (Lair:2)
  7 elephants
  5 black mambas
  A molten gargoyle (Lair:5)
  A moth of wrath (Gauntlet)
  A gargoyle (Gauntlet)
  An unseen horror (D:10)
  A torpor snail (Lair:4)
  9 cane toads
  3 rime drakes
  A minotaur zombie (Gauntlet)
  A kobold demonologist (D:10)
  16 komodo dragons
  A queen bee (Lair:2)
  3 meliai (Gauntlet)
  2 trolls
  Prince Ribbit (Lair:2)
  A polar bear (Lair:3)
  A tyrant leech (D:10)
  A hornet (D:9)
  15 blink frogs
  7 dream sheep
  A spriggan (Lair:3)
  7 wraiths
  11 wyverns
  A shadow (D:10)
  71 yaks
  9 basilisks
  3 steam dragons
  A swamp worm (D:10)
  An acid dragon (D:9)
  6 hell hounds
  12 water moccasins
  2 sky beasts (D:7)
  5 orc warriors
  3 ice beasts
  3 black bears
  19 wolves
  3 centaurs
  An ogre (D:6)
  2 lemures (D:5)
  3 phantoms
  2 kobold brigands
  10 bullfrogs
  Blork the orc (D:4)
  A gnoll sergeant (D:9)
  3 scorpions
  A wight (D:7)
  42 killer bees
  3 electric eels (Lair:4)
  6 howler monkeys
  4 lava snakes (Lair:5)
  4 hounds
  16 jellies
  Crazy Yiuf (D:4)
  2 orc priests
  2 gnoll boudas
  3 iguanas
  3 orc wizards
  A hound zombie (D:2)
  8 gnolls
  An adder (D:5)
  A white imp (D:7)
  3 ufetubi
  2 adder skeletons (D:2)
  2 adder zombies (D:2)
  A worm (D:2)
  4 dart slugs
  34 orcs
  8 endoplasms
  2 giant cockroaches
  5 goblins
  3 hobgoblins
  15 kobolds
  3 quokkas
  8 ball pythons
  2 ball python skeletons (D:2)
  A ball python zombie (D:2)
  7 bats
  3 frilled lizards
  A giant cockroach zombie (D:2)
  A jackal skeleton (D:2)
  A quokka skeleton (D:2)
  6 rats
487 creatures vanquished.

Vanquished Creatures (others)
  14 fungi
  76 plants
90 creatures vanquished.

Grand Total: 577 creatures vanquished

Notes
Turn   | Place    | Note
-------+----------+-------------------------------------------
     0 | D:1      | PyroL the Octopode Transmuter began the quest for the Orb.
     0 | D:1      | Reached XP level 1. HP: 13/13 MP: 3/3
   151 | D:1      | Reached skill level 1 in Poison Magic
   188 | D:1      | Reached XP level 2. HP: 18/18 MP: 3/5
   564 | D:1      | Reached XP level 3. HP: 23/23 MP: 4/6
   591 | D:1      | Found a faded altar of an unknown god.
   857 | D:2      | Reached skill level 3 in Transmutations
  1069 | D:2      | Reached XP level 4. HP: 7/28 MP: 7/7
  1485 | D:2      | Learned a level 2 spell: Wereblood
  1489 | D:2      | Learned a level 3 spell: Spider Form
  2132 | D:4      | Noticed a scorpion
  2206 | D:4      | Reached skill level 4 in Transmutations
  2206 | D:4      | Reached XP level 5. HP: 24/33 MP: 4/8
  2227 | D:4      | Noticed a phantom
  2360 | D:4      | Found a runed translucent door.
  2361 | D:4      | Noticed Crazy Yiuf
  2368 | D:4      | Killed Crazy Yiuf
  2369 | D:4      | Reached skill level 5 in Transmutations
  2471 | D:3      | Killed a phantom
  2472 | D:3      | Reached XP level 6. HP: 17/38 MP: 5/9
  2624 | D:4      | Reached skill level 5 in Unarmed Combat
  2654 | D:4      | Noticed Blork the orc
  2663 | D:4      | Killed Blork the orc
  2664 | D:4      | Reached XP level 7. HP: 39/43 MP: 6/10
  3108 | D:5      | Entered Level 5 of the Dungeon
  3759 | D:5      | Noticed Pikel
  3851 | D:5      | Killed Pikel
  3852 | D:5      | Reached skill level 6 in Transmutations
  3852 | D:5      | Reached XP level 8. HP: 46/54 MP: 6/11
  3964 | D:5      | Identified the +5 quarterstaff of Poatoqaeh {heavy, Stlth+}
  4050 | D:5      | Found a broken altar of Ashenzari.
  4051 | D:5      | Found a shimmering blue altar of Sif Muna.
  4285 | D:6      | Reached skill level 1 in Ice Magic
  4514 | D:6      | Reached skill level 7 in Transmutations
  5072 | D:6      | Reached XP level 9. HP: 32/58 MP: 8/12
  5200 | D:6      | Learned a level 3 spell: Frozen Ramparts
  5644 | D:7      | Identified the +2 mace of Stickiness {pain, rElec rF+
                  | rCorr}
  5718 | D:7      | Reached skill level 8 in Transmutations
  5802 | D:7      | Found a staircase to the Ecumenical Temple.
  5869 | D:7      | Reached skill level 9 in Transmutations
  6090 | D:7      | Learned a level 4 spell: Ice Form
  6150 | D:7      | Reached skill level 10 in Transmutations
  6545 | D:7      | Reached skill level 1 in Evocations
  6780 | D:8      | Reached XP level 10. HP: 43/65 MP: 6/14
  6969 | D:8      | Reached skill level 5 in Fighting
  7791 | Temple   | Entered the Ecumenical Temple
  7810 | Temple   | Became a worshipper of Gozag Ym Sagoz the Greedy
  8339 | D:9      | Found Ykubig's Antique Weapon Boutique.
  8372 | D:9      | Reached skill level 5 in Spellcasting
  8375 | D:9      | Reached skill level 5 in Dodging
  8911 | D:9      | Reached XP level 11. HP: 33/71 MP: 11/18
  9188 | D:9      | Found Mobbarue's Jewellery Boutique.
  9307 | D:9      | Noticed a two-headed ogre
  9317 | D:9      | Killed a two-headed ogre
  9318 | D:9      | Reached skill level 5 in Ice Magic
  9402 | D:9      | Found a hazy altar of Hepliaklqana.
  9647 | D:10     | Entered Level 10 of the Dungeon
  9812 | D:10     | Noticed a two-headed ogre
  9916 | D:10     | Killed a two-headed ogre
 10220 | D:10     | Found a staircase to the Lair.
 10960 | D:10     | HP: 1/85 [tyrant leech (12)]
 11360 | D:10     | Reached skill level 10 in Unarmed Combat
 12206 | D:10     | Reached skill level 5 in Poison Magic
 12373 | D:10     | Reached XP level 12. HP: 79/79 MP: 10/19
 12769 | D:11     | Found a staircase to the Orcish Mines.
 12911 | D:11     | Learned a level 4 spell: Olgreb's Toxic Radiance
 13018 | D:11     | Found Pafunur's Jewellery Shop.
 13509 | Lair:1   | Entered Level 1 of the Lair of Beasts
 13670 | Lair:1   | You fall into a shaft and drop 1 floor!
 13699 | Lair:2   | Found a staircase to the Snake Pit.
 13863 | Lair:1   | Reached skill level 11 in Transmutations
 15433 | Lair:2   | Noticed Prince Ribbit
 15441 | Lair:2   | Killed Prince Ribbit
 15791 | Lair:2   | Found a staircase to the Swamp.
 15804 | Lair:2   | Reached skill level 12 in Transmutations
 16245 | Lair:2   | Reached XP level 13. HP: 90/90 MP: 18/22
 16440 | Lair:2   | Reached skill level 5 in Evocations
 16762 | Lair:2   | Reached skill level 13 in Transmutations
 16969 | Lair:2   | Identified the +3 ring mail "Poic" {Rampage MP+9 Int-4}
 17809 | Lair:3   | Reached skill level 14 in Transmutations
 19391 | Lair:4   | Reached skill level 10 in Fighting
 19524 | Lair:4   | Found a gate leading to a gauntlet.
 19534 | Gauntlet | Entered a Gauntlet
 19534 | Gauntlet | Found a transporter.
 19544 | Gauntlet | Found a transporter.
 19544 | Gauntlet | Found a transporter.
 19545 | Gauntlet | Found a transporter.
 19553 | Gauntlet | Found a transporter.
 19556 | Gauntlet | Found a transporter.
 19557 | Gauntlet | Found a transporter.
 19566 | Gauntlet | Found a transporter.
 19569 | Gauntlet | Found a transporter.
 19570 | Gauntlet | Found a transporter.
 19577 | Gauntlet | Found a runed translucent door.
 19578 | Gauntlet | Noticed a quicksilver ooze
 19579 | Gauntlet | Found a transporter.
 19582 | Gauntlet | Found a transporter.
 19583 | Gauntlet | Found a transporter.
 19600 | Gauntlet | Found a transporter.
 20086 | Gauntlet | Identified the +0 helmet of Twilight {rC+++}
 20205 | Gauntlet | Gained mutation: You are partially covered in iridescent
                  | scales. (AC +2) [potion of mutation]
 20205 | Gauntlet | Gained mutation: You occasionally lose the ability to drink
                  | potions when taking damage. [potion of mutation]
 20205 | Gauntlet | Gained mutation: You are resistant to electric shocks.
                  | (rElec) [potion of mutation]
 20208 | Gauntlet | Noticed a minotaur
 20217 | Gauntlet | Killed a minotaur
 20377 | Lair:4   | Reached XP level 14. HP: 99/99 MP: 15/23
 21513 | Lair:5   | Entered Level 5 of the Lair of Beasts
 21842 | Lair:5   | Reached skill level 10 in Dodging
 22088 | Lair:5   | Identified the +4 ring mail of Pan-Flutes {rPois}
 22285 | Lair:5   | Found a staircase to the Slime Pits.
 22448 | Lair:5   | Noticed Josephine
 22460 | Lair:5   | Killed Josephine
 23058 | Lair:5   | Found a large runed translucent door.
 23200 | Lair:5   | Killed from afar by a molten gargoyle

Illustrated notes

Levels and vault maps discovered:
D:1:      lemuel_arrival_rhombus, layout_loops_ring, basic_ecumenical_altar
D:2:      layout_loops_ring, serial_undead, serial_undead_a, serial_undead_f,
          serial_undead_a, serial_undead_a, serial_undead_a, serial_undead_a,
          serial_undead_f, chequers_serial_rivers_marsh, mrwooster_statue_mirror
D:3:      layout_basic
D:4:      layout_cave_pools, uniq_crazy_yiuf_cottage, uniq_blork_the_orc
D:5:      layout_loops_corners, nicolae_overflow_two_pavilions, uniq_pikel
D:6:      layout_cave_pods, chequers_serial_rivers_large_b
D:7:      layout_cave_pools, minmay_temple_entry_from_below_a, serial_park,
          serial_park_tiny_1, serial_park_tiny_1, serial_park_square3
          [serial_park_minivault_5x5_3], serial_park_tiny_pond,
          nicolae_underground_beach
D:8:      layout_loops_corners
D:9:      minmay_inner_zag, layout_irregular_city, mainiacjoe_overflow_alcove_1,
          serial_shops, shop, nicolae_shop_competitors_out_of_business
D:10:     layout_basic, david_lair_shrubbed, worms_lemuel
D:11:     layout_long_grid, hiddenorc1_lemuel, minmay_shop_enchanted_jewellery
Temple:   nicolae_temple_bog_church
Lair:1:   layout_small_grid, chequers_serial_rivers_room_b, wad_woods_road_05,
          serial_bayou_shore_b
Lair:2:   regret_index_bee_streams, layout_gridlike, skrybe_swamp_entry_bodies,
          minmay_snake_entry_spellcaster, uniq_prince_ribbit2
Lair:3:   layout_chaotic_city, nicolae_lair_grove_arrangements,
          grunt_forest_large_clearing_hut
Lair:4:   layout_cellular_growth, enter_volcano_3, gauntlet_entry_generic,
          disabler_island, grunt_megastairs_4
Lair:5:   cheibrodos_lair_end_hotspot, layout_regular_city,
          minmay_slime_entry_jelly_boxes, nicolae_lair_yak_garden,
          uniq_josephine

Skill      XL: |  1  2  3  4  5  6  7  8  9 10 11 12 13 14 |
---------------+-------------------------------------------+-----
Poison Magic   | 1 2 3 5 |  5.4
Transmutations | 3 4 5 6 7 10 12 14 | 14.0
Unarmed Combat | 4 5 7 10 11 | 11.7
Dodging        | 4 6 7 8 10 | 10.1
Fighting       | 4 5 6 9 10 11 | 11.5
Ice Magic      | 4 5 |  5.0
Spellcasting   | 3 5 6 |  6.1
Evocations     | 2 4 5 |  5.0

Action                   |  1- 3 |  4- 6 |  7- 9 | 10-12 | 13-15 || total
-------------------------+-------+-------+-------+-------+-------++-------
Melee: Unarmed           |    61 |    72 |   188 |   455 |   415 ||  1191
       Tentacles         |    13 |     9 |     6 |     2 |       ||    30
       Kick              |    14 |     8 |     7 |     4 |       ||    33
       Constrict         |    15 |    10 |    10 |     2 |       ||    37
       Punch             |     1 |       |     1 |     1 |       ||     3
 Fire: Sling             |    26 |       |       |       |       ||    26
Throw: Dart              |       |       |       |     3 |       ||     3
 Cast: Beastly Appendage |    22 |    13 |     7 |     1 |       ||    43
       Spider Form       |       |     7 |    33 |    12 |       ||    52
       Wereblood         |       |       |     6 |    14 |    14 ||    34
       Frozen Ramparts   |       |       |     6 |    42 |    33 ||    81
       Ice Form          |       |       |       |    48 |    45 ||    93
       Olgreb's Toxic Ra |       |       |       |       |    31 ||    31
Invok: Potion Petition   |       |       |       |     1 |       ||     1
       Call Merchant     |       |       |       |     1 |     1 ||     2
Evoke: Wand              |       |       |       |       |     3 ||     3
  Use: Scroll            |     1 |     3 |       |     7 |    17 ||    28
       Potion            |       |       |       |     1 |     4 ||     5
 Stab: Sleeping          |    11 |     2 |       |       |       ||    13
       Distracted        |       |       |       |       |     2 ||     2
       Petrified         |       |       |       |       |     1 ||     1
Armor: Skin              |     5 |     7 |    11 |    90 |   132 ||   245
Dodge: Dodged            |    52 |    44 |   179 |   207 |   296 ||   778

Table legend: (Time is in decaauts)
 A = Elapsed time spent in this place.
 B = Non-inter-level travel time spent in this place.
 C = Inter-level travel time spent in this place.
 D = Time resting spent in this place.
 E = Time spent auto-exploring this place.
 F = Levels seen in this place.
 G = Mean time per level.
                   A        B        C        D        E       F      G
               +--------+--------+--------+--------+--------+-----+--------+
         Total |  23105 |  22483 |    622 |   3870 |  14606 |  18 | 1283.6 |
       Dungeon |  13429 |  13071 |    358 |   2278 |   8662 |  11 | 1220.8 |
        Temple |     27 |     20 |      7 |      0 |      8 |   1 |   27.0 |
          Lair |   8838 |   8581 |    257 |   1196 |   5710 |   5 | 1767.6 |
      Gauntlet |    809 |    809 |      0 |    396 |    226 |   1 |  809.0 |
               +--------+--------+--------+--------+--------+-----+--------+

Top non-repeatable levels by time:
    D:10: 2840 daAuts
  Lair:2: 2173 daAuts
  Lair:3: 2062 daAuts
  Lair:5: 1663 daAuts
  Lair:1: 1630 daAuts
     D:9: 1511 daAuts
     D:6: 1420 daAuts
     D:8: 1338 daAuts
  Lair:4: 1308 daAuts
     D:7: 1122 daAuts
     D:5: 1086 daAuts
    D:11: 996 daAuts
     D:4: 877 daAuts
     D:2: 851 daAuts
Gauntlet: 809 daAuts
